 Dungeon Crawl Stone Soup version 0.23.2-1-ga50397a (webtiles) character file.

Game seed: 14522136800436297526

31 doot the Magician (level 3, -1/19 HPs)
             Began as a Deep Elf Wizard on May 19, 2019.
             Slain by Natasha (8 damage)
             ... on level 2 of the Dungeon.
             The game lasted 00:02:28 (1541 turns).

doot the Magician (Deep Elf Wizard)                 Turns: 1541, Time: 00:02:29

Health: -1/19      AC:  3    Str:  4    XL:     3   Next: 7%
Magic:  1/12       EV: 13    Int: 23    God:
Gold:   53         SH:  0    Dex: 13    Spells: 0/13 levels left

rFire    . . .     SeeInvis .   n - +0 dagger
rCold    . . .     Gourm    .   (no shield)
rNeg     . . .     Faith    .   a - +0 robe
rPois    .         Spirit   .   b - +0 hat
rElec    .         Reflect  .   (no cloak)
rCorr    .         Harm     .   h - +0 pair of gloves
MR       .....                  (no boots)
Stlth    ++........             (no amulet)
HPRegen  0.06/turn              (no ring)
MPRegen  0.13/turn              (no ring)

@: no status effects
A: no striking features
a: no special abilities


You were on level 2 of the Dungeon.
You were not hungry.

You visited 1 branch of the dungeon, and saw 3 of its levels.

You collected 53 gold pieces.

Inventory:

Hand Weapons
 n - a +0 dagger (weapon)
Missiles
 c - a throwing net (quivered)
Armour
 a - a +0 robe (worn)
 b - a +0 hat (worn)
 h - a +0 pair of gloves (worn)
Scrolls
 e - a scroll of amnesia {unknown}
 i - a scroll of remove curse {unknown}
 k - a scroll of teleportation {unknown}
 l - a scroll of fear {unknown}
Potions
 f - a potion of haste {unknown}
 g - 2 potions of curing {unknown}
 j - a potion of invisibility {unknown}
Comestibles
 d - a ration


   Skills:
 + Level 2.6 Dodging
 + Level 2.6 Stealth
 + Level 5.5 Spellcasting
 + Level 1.7 Conjurations
 + Level 1.1 Summonings
 + Level 1.1 Translocations


You couldn't memorise any spells.
You knew the following spells:

 Your Spells              Type           Power        Failure   Level  Hunger
a - Magic Dart            Conj           ##..         4%          1    None
b - Blink                 Tloc           N/A          9%          2    None
c - Call Imp              Summ           ##......     9%          2    None
d - Slow                  Hex            #.......     14%         2    None
e - Conjure Flame         Conj/Fire      ##......     19%         3    ##.....
f - Mephitic Cloud        Conj/Pois/Air  #.......     22%         3    ##.....

Your spell library contained the following spells:

 Spells                   Type           Power        Failure   Level  Hunger


Dungeon Overview and Level Annotations

Branches:
Dungeon (3/15)

Altars:

Annotations:
D:2 Natasha


Message History

Casting: Magic Dart (safe; 4% risk of failure)
Confirm with . or Enter, or press ? or * to list all spells.
You blink.
Casting: Blink (safe; 9% risk of failure)
Confirm with . or Enter, or press ? or * to list all spells.
A beastly little devil appears in a puff of flame.
Natasha mewls in sadness.
Casting: Call Imp (safe; 9% risk of failure)
Confirm with . or Enter, or press ? or * to list all spells.
A shadowy apparition takes form in the air.
Casting: Call Imp (safe; 9% risk of failure)
Confirm with . or Enter, or press ? or * to list all spells.
A beastly little devil appears in a puff of flame.
Natasha claws you.
Your crimson imp barely misses Natasha.
Your shadow imp barely misses Natasha.
Unknown command.
Casting: Call Imp (safe; 9% risk of failure)
Confirm with . or Enter, or press ? or * to list all spells.
You blink.
Natasha claws you!
You die...

####.#####.# .#
..# #.# #.#
..#..# #.# #.#
#.#..# #.# #.#
#.#..# #.# #.#
#.#.5# ####.##
#.# #....#
......# #.#
#ยง5.######
####..#
#.####h5.......
#..#
#.#....@.#####
#..#
#.#.##.K.###
#..#
#.#..#.....
#..#
#.##.###(###
#..# #.......>#
..# ####.#####
#.# #.# #.#


You could see Natasha, a kobold, 2 friendly crimson imps and a friendly shadow
imp.

Vanquished Creatures
  2 worms (D:2)
  2 giant cockroaches (D:1)
  5 goblins
  7 hobgoblins
  A bat (D:2)
  4 kobolds (D:1)
  2 rats (D:1)
23 creatures vanquished.

Notes
Turn   | Place    | Note
-------+----------+-------------------------------------------
     0 | D:1      | doot the Deep Elf Wizard began the quest for the Orb.
     0 | D:1      | Reached XP level 1. HP: 10/10 MP: 7/7
   230 | D:1      | Reached skill level 5 in Spellcasting
   230 | D:1      | Reached XP level 2. HP: 15/15 MP: 0/10
   310 | D:1      | Learned a level 2 spell: Blink
   313 | D:1      | Learned a level 2 spell: Call Imp
   316 | D:1      | Learned a level 2 spell: Slow
  1258 | D:2      | Reached XP level 3. HP: 19/19 MP: 4/12
  1263 | D:2      | Learned a level 3 spell: Conjure Flame
  1267 | D:2      | Learned a level 3 spell: Mephitic Cloud
  1404 | D:3      | Noticed Natasha
  1541 | D:2      | Slain by Natasha

Skill      XL: |  1 |
---------------+----+-----
Spellcasting   | 5 |  5.5
Dodging        | |  2.6
Stealth        | |  2.6
Conjurations   | |  1.7
Summonings     | |  1.1
Translocations | |  1.1

Action                   || total
-------------------------++-------
Melee: Dagger            ||     1
 Cast: Magic Dart        ||    66
       Call Imp          ||     3
       Blink             ||     2
 Stab: Sleeping          ||     1
  Eat: Chunk             ||     2
Armor: Robe              ||     2
Dodge: Dodged            ||     9
